 Dungeon Crawl Stone Soup version 0.25.1-8-g42b30a86e7 (webtiles) character file.

Game seed: 17470899165667047994

4837 Araneus the Martial Artist (level 10, -15/72 HPs)
             Began as a Demonspawn Monk on Dec 3, 2020.
             Was a Priest of Qazlal.
             Demolished by an orc warrior
             ... wielding a +0 war axe
              (25 damage)
             ... on level 8 of the Dungeon.
             The game lasted 00:29:05 (10536 turns).

Araneus the Martial Artist (Demonspawn Monk)       Turns: 10536, Time: 00:29:08

Health: -15/72     AC:  3    Str: 14    XL:     10   Next: 25%
Magic:  0/10       EV: 14    Int: 11    God:    Qazlal [***...]
Gold:   423        SH:  9    Dex: 17    Spells: 9/9 levels left

rFire    + . .     SeeInvis .     - Unarmed
rCold    + . .     Gourm    .   a - +0 buckler
rNeg     . . .     Faith    .   g - +0 leather armour
rPois    .         Spirit   +   (helmet restricted)
rElec    .         Reflect  .   (no cloak)
rCorr    .         Harm     .   (no gloves)
MR       .....                  (no boots)
Stlth    +.........             k - amulet of guardian spirit
HPRegen  0.22/turn              h - ring of protection from cold
MPRegen  0.12/turn              r - ring of protection from fire

@: mighty, hasted, lightly drained, very quick
A: antennae 2, claws 1, talons 2, demonic guardian 1, powered by pain 1
a: Upheaval, Elemental Force, Renounce Religion


You were on level 8 of the Dungeon.
You worshipped Qazlal.
Qazlal was most pleased with you.
You were not hungry.

You visited 2 branches of the dungeon, and saw 9 of its levels.
You also visited: Sewer and Ossuary.

You collected 423 gold pieces.

Inventory:

Armour
 a - a +0 buckler (worn)
 g - a +0 leather armour (worn)
 y - a scarf of harm
Jewellery
 h - a ring of protection from cold (left claw)
 k - an amulet of guardian spirit (around neck)
 m - an uncursed amulet of the acrobat {unknown}
 r - a ring of protection from fire (right claw)
 t - an uncursed amulet of magic regeneration
Wands
 B - a wand of iceblast (15)
 C - a wand of acid (3)
 E - a wand of flame (9)
 J - a wand of random effects (25)
Scrolls
 c - 3 scrolls of teleportation
 f - a scroll of fear {unknown}
 i - 4 scrolls of fog
 j - a scroll of amnesia {unknown}
 l - 5 scrolls of remove curse
 s - a scroll of noise {unknown}
 w - 4 scrolls of immolation {unknown}
 x - a scroll of enchant weapon {unknown}
 D - 2 scrolls of magic mapping
 G - a scroll of enchant armour {unknown}
Potions
 d - 2 potions of heal wounds
 e - 6 potions of curing
 n - a potion of might
 o - a potion of magic
 p - 2 potions of stabbing {unknown}
 u - 2 potions of lignification {unknown}
 z - a potion of berserk rage {unknown}
 A - 4 potions of cancellation
 I - a potion of flight
Comestibles
 b - 7 rations
 q - a chunk of flesh


   Skills:
 + Level 4.3(3.9) Fighting
 + Level 4.1(3.7) Armour
 + Level 4.7(4.2) Dodging
 - Level 1.7(1.3) Stealth
 - Level 4.0(3.6) Shields
 + Level 11.6(11.1) Unarmed Combat


You had 9 spell levels left.
You didn't know any spells.
Your spell library was empty.

Dungeon Overview and Level Annotations

Branches:
Dungeon (8/15)             Temple (1/1) D:6           Sewer (visited)
Ossuary (visited)
   Lair: D:8-11

Altars:
Ashenzari
Cheibriados
Dithmenos
Elyvilon
Fedhas
Gozag
Hepliaklqana
Kikubaaqudgha
Makhleb
Nemelex Xobeh
Okawaru
Qazlal
Ru
Sif Muna
Trog
Uskayaw
Vehumet
Wu Jian
Xom
Yredelemnul
The Shining One


Innate Abilities, Weirdness & Mutations

You have a pair of antennae on your head.
You have sharp fingernails.
You have razor-sharp toenails.
A weak demonic guardian rushes to your aid.
You sometimes gain a little power by taking damage.


Message History

You block the orc wizard's attack.
You barely miss the orc wizard. Your kick misses the orc wizard.
The orc wizard is lightly wounded.
Your shadow imp misses the orc wizard.
The orc warrior hits you with a +0 war axe!
* * * LOW HITPOINT WARNING * * *
You block the wight's attack.
You claw the orc!
You kill the orc!
Qazlal accepts your kill. You block the orc wizard's attack.
The orc priest miscasts a cantrip.
You claw the orc wizard! Your kick misses the orc wizard.
The orc wizard is almost dead.
Your shadow imp misses the orc wizard.
The orc wizard gestures at you while chanting.
The puff of frost hits you. You resist.
* * * LOW HITPOINT WARNING * * *
The orc warrior hits you with a +0 war axe!!
You die...

#.# #. #.# .
#############.# .# #
..............###.#.##
..#####...÷..............
.................)o......
##..<†)..<....)z......
#.#.###....5o☼##o###. #
#.# ###.#.@o#
#.#####.#☼.§##.#
#..............#
#########..###.# ...# #
###.# ..# ?.. ###


You could see an orc warrior, a wight, an orc priest, an orc wizard (fast) and a
friendly shadow imp (summoned).

Vanquished Creatures
  A two-headed ogre (D:8)
  Joseph (D:7)
  2 slime creatures (D:7)
  3 ice beasts
  2 sky beasts
  A phantom (D:7)
  2 necrophages (D:5)
  2 ogres (D:7)
  3 centaurs
  3 big kobolds
  4 bullfrogs
  4 water moccasin zombies (Ossuary)
  2 scorpions
  2 howler monkeys
  6 wights
  A crimson imp (D:6)
  A centaur zombie (D:5)
  5 jellies (D:7)
  A bullfrog skeleton (D:4)
  A hound (D:5)
  5 orc wizards
  3 iguanas
  3 centaur skeletons
  5 worker ants
  A killer bee zombie (D:6)
  A hound skeleton (D:5)
  3 mummies
  A worker ant zombie (D:5)
  3 gnolls (D:5)
  A howler monkey skeleton (D:4)
  A river rat (D:3)
  16 adders
  7 oozes
  4 adder skeletons
  3 adder zombies
  4 worms
  A dart slug (D:3)
  4 leopard geckos
  18 orcs
  3 ball pythons
  5 giant cockroaches
  3 goblins
  6 hobgoblins
  20 jackals
  4 quokkas
  9 bats
  5 frilled lizards
  A gnoll zombie (Ossuary)
  8 hobgoblin zombies
  A jackal skeleton (D:5)
  17 kobolds
  7 kobold zombies
  A leopard gecko zombie (D:5)
  3 orc zombies (Ossuary)
  2 quokka skeletons
  A quokka zombie (D:6)
  13 rats
240 creatures vanquished.

Vanquished Creatures (collateral kills)
  A wyvern (D:8)
  A necrophage (D:6)
  A bullfrog (D:6)
  An iguana (D:8)
  An orc (D:7)
  A quokka (D:8)
  2 butterflies (D:6)
8 creatures vanquished.

Vanquished Creatures (others)
  10 toadstools (D:7)
10 creatures vanquished.

Grand Total: 258 creatures vanquished

Notes
Turn   | Place    | Note
-------+----------+-------------------------------------------
     0 | D:1      | Araneus the Demonspawn Monk began the quest for the Orb.
     0 | D:1      | Reached XP level 1. HP: 18/18 MP: 1/1
   221 | D:1      | Reached skill level 3 in Unarmed Combat
   526 | D:1      | Gained mutation: You have sharp toenails. [demonic
                  | ancestry]
   526 | D:1      | Reached XP level 2. HP: 17/24 MP: 2/2
  1187 | D:2      | Gained mutation: You sometimes gain a little power by
                  | taking damage. [demonic ancestry]
  1187 | D:2      | Reached XP level 3. HP: 29/29 MP: 3/3
  1344 | D:2      | Reached skill level 4 in Unarmed Combat
  1856 | D:2      | Gained mutation: You have a pair of small antennae on your
                  | head. [demonic ancestry]
  1856 | D:2      | Reached XP level 4. HP: 29/35 MP: 4/4
  2129 | D:3      | Found a glowing drain.
  2142 | D:3      | Reached skill level 5 in Unarmed Combat
  2163 | Sewer    | Entered a sewer
  2285 | Sewer    | Reached XP level 5. HP: 32/41 MP: 2/5
  2692 | Sewer    | Reached skill level 6 in Unarmed Combat
  2966 | Sewer    | Gained mutation: A weak demonic guardian rushes to your
                  | aid. [demonic ancestry]
  2966 | Sewer    | Reached XP level 6. HP: 39/47 MP: 4/6
  4385 | D:4      | Reached skill level 7 in Unarmed Combat
  4860 | D:4      | Reached XP level 7. HP: 52/52 MP: 7/7
  5124 | D:5      | Entered Level 5 of the Dungeon
  5126 | D:5      | Found a burning altar of Makhleb.
  5183 | D:5      | Found a sand-covered staircase.
  5191 | Ossuary  | Entered an ossuary
  5470 | Ossuary  | Reached skill level 1 in Armour
  5559 | Ossuary  | Reached skill level 8 in Unarmed Combat
  6085 | D:5      | Gained mutation: You have razor-sharp toenails. [demonic
                  | ancestry]
  6085 | D:5      | Reached XP level 8. HP: 58/58 MP: 8/8
  6518 | D:5      | Reached skill level 1 in Shields
  6743 | D:5      | Found a blossoming altar of Fedhas.
  7365 | D:6      | Found a staircase to the Ecumenical Temple.
  7374 | D:6      | Reached skill level 9 in Unarmed Combat
  7391 | Temple   | Entered the Ecumenical Temple
  7402 | Temple   | Became a worshipper of Qazlal Stormbringer
  7402 | Temple   | Reached * piety under Qazlal
  7402 | Temple   | Reached ** piety under Qazlal
  7788 | D:6      | Found a radiant altar of Vehumet.
  8102 | D:6      | Gained mutation: You have a pair of antennae on your head.
                  | [demonic ancestry]
  8102 | D:6      | Reached XP level 9. HP: 50/63 MP: 7/9
  8939 | D:7      | Got a faintly glowing robe
  9030 | D:7      | Reached skill level 10 in Unarmed Combat
  9138 | D:7      | Noticed Joseph
  9155 | D:7      | Killed Joseph
 10095 | D:7      | Reached *** piety under Qazlal
 10333 | D:8      | Noticed a two-headed ogre
 10337 | D:8      | Killed a two-headed ogre
 10337 | D:8      | Reached skill level 11 in Unarmed Combat
 10337 | D:8      | Gained mutation: You have sharp fingernails. [demonic
                  | ancestry]
 10337 | D:8      | Reached XP level 10. HP: 70/70 MP: 10/10
 10356 | D:8      | Identified the +3 robe "Haphuj" {rElec rN+ Str-5 Stlth+}
                  | (You found it on level 7 of the Dungeon)
 10536 | D:8      | Demolished by an orc warrior

Illustrated notes

Levels and vault maps discovered:
D:1:      zelgadis_glass_arrival_small, layout_basic
D:2:      layout_basic
D:3:      layout_rooms, portal_sewer_entry_c, nrook_mini_vaults
D:4:      layout_basic, first_ration, minmay_quadrilaterals
D:5:      layout_loops_corners, basic_altar, nicolae_ossuary_entry_giza,
          fedhas_altar_4
D:6:      layout_basic, minmay_temple_entry_butterflies, basic_altar,
          st_stairs_10
D:7:      cheibrodos_fertilizer, layout_loops_ring, uniq_joseph
D:8:      layout_loops_ring, serial_shops, kennysheep_little_box,
          shop_fountains, nicolae_shop_behind_doors, shop, shop,
          grunt_gozag_statues
Temple:   compressed_dpeg_triangle_lava_temple

Skill      XL: |  1  2  3  4  5  6  7  8  9 10 |
---------------+-------------------------------+-----
Unarmed Combat | 3 4 5 6 7 8 9 11 | 11.6
Armour         | 1 3 4 |  4.1
Dodging        | 3 4 |  4.7
Shields        | 2 4 |  4.0
Fighting       | 4 |  4.3
Stealth        | |  1.7

Action                   |  1- 3 |  4- 6 |  7- 9 | 10-12 || total
-------------------------+-------+-------+-------+-------++-------
Melee: Unarmed           |   114 |   240 |   483 |    34 ||   871
       Kick              |    19 |    57 |   149 |    10 ||   235
       Punch             |     1 |     8 |     3 |       ||    12
Evoke: Wand              |       |       |     3 |     1 ||     4
  Use: Scroll            |       |     8 |     3 |     1 ||    12
       Potion            |       |     6 |     4 |     5 ||    15
 Stab: Sleeping          |     6 |     3 |     7 |       ||    16
       Distracted        |       |       |     3 |       ||     3
  Eat: Chunk             |     3 |    10 |     8 |       ||    21
       Ration            |       |       |     3 |       ||     3
Armor: Robe              |    33 |    16 |       |       ||    49
       Leather armour    |       |    18 |    60 |     3 ||    81
Dodge: Dodged            |   117 |   135 |   213 |    17 ||   482
Block: Buckler           |       |       |    63 |    16 ||    79
